 Dungeon Crawl Stone Soup version 0.20.0-15-g7f486f2 (webtiles) character file.

368322 Kriby the Executioner (level 22, 0/220 HPs)
             Began as a Hill Orc Fighter on June 10, 2017.
             Was the Champion of Okawaru.
             Slain by a hell knight
             ... wielding a +1 halberd of pain
             ... led by Margery
              (4 damage)
             ... on level 5 of the Vaults.
             The game lasted 01:17:54 (45458 turns).

Kriby the Executioner (Hill Orc Fighter)           Turns: 45458, Time: 01:17:55

Health: 0/220      AC: 50    Str: 39    XL:     22   Next: 60%
Magic:  23/25      EV: 14    Int:  8    God:    Okawaru [******]
Gold:   735        SH:  0    Dex: 10    Spells: 21/21 levels left

rFire    + . .     SeeInvis +   z - +4 executioner's axe "Lutaigru" {vamp, Str+4}
rCold    . . .     Gourm    .   (shield currently unavailable)
rNeg     . . .     Faith    .   t - +6 crystal plate armour
rPois    +         Spirit   .   M - +2 hat {SInv}
rElec    .         Reflect  .   p - +2 cloak
rCorr    .         Harm     .   G - +1 pair of gloves "Jody" {rF+ MR+}
MR       ++...     Clarity  +   k - +2 pair of boots of the Cast Vote {Str+6}
Stlth    ..........             v - amulet of regeneration
Regen    0.9/turn               i - +3 ring of evasion
MPRegen  0.2/turn               I - ring of poison resistance

@: lethally poisoned (0 -> 0), about to teleport, heroism, drained
A: claws 1, talons 1, clarity
}: 2/15 runes: decaying, serpentine
a: Heroism, Finesse, Renounce Religion


You were on level 5 of the Vaults.
You worshipped Okawaru.
Okawaru was exalted by your worship.
You were hungry.

You visited 7 branches of the dungeon, and saw 36 of its levels.
You visited the Abyss 1 time.
You visited 1 bazaar.
You also visited: Ice Cave.

You collected 3145 gold pieces.
You spent 2410 gold pieces at shops.

Inventory:

Hand Weapons
 z - the +4 executioner's axe "Lutaigru" (weapon) {vamp, Str+4}
   (Okawaru gifted it to you on level 4 of the Vaults)

   It inflicts no extra harm, but heals its wielder when it wounds a living foe.
   It affects your strength (+4).
 K - the +7 broad axe of the End of Times {freeze, rF- rC++ Int+3}
   (Okawaru gifted it to you on level 1 of the Lair of Beasts)

   It has been specially enchanted to freeze those struck by it, causing extra
   injury to most foes and up to half again as much damage against particularly
   susceptible opponents.
   It can also slow down cold-blooded creatures.
   It affects your intelligence (+3).
   It makes you vulnerable to fire.
   It greatly protects you from cold.
 L - the +1 war axe "Demon's Demise" {venom, rElec Str+7}
   (Okawaru gifted it to you on level 6 of the Lair of Beasts)

   It poisons the flesh of those it strikes.
   It affects your strength (+7).
   It insulates you from electricity.
 Q - a +1 vampiric broad axe
 U - a +4 vampiric executioner's axe
Missiles
 x - 5 javelins of returning (quivered)
Armour
 c - a +0 shield of reflection
 k - the +2 pair of boots of the Cast Vote (worn) {Str+6}
   (You found it on level 1 of the Vaults)

   It affects your strength (+6).
 m - the +2 pair of gloves of Broken Taboos {rC+}
   (Okawaru gifted it to you on level 11 of the Dungeon)

   It protects you from cold.
 p - a +2 cloak (worn)
 t - a +6 crystal plate armour (worn)
 D - a +2 buckler of fire resistance
 E - a +2 shield of protection
 F - a +2 large shield
 G - the +1 pair of gloves "Jody" (worn) {rF+ MR+}
   (You found it in an ice cave)

   It protects you from fire.
   It affects your resistance to hostile enchantments.
 M - a +2 hat of see invisible (worn)
 N - a +2 helmet
 V - a +1 pair of boots of flying
Jewellery
 d - an uncursed ring of protection from cold
 i - a +3 ring of evasion (left hand)
 s - an uncursed ring of positive energy
 u - an uncursed ring of protection from magic
 v - an amulet of regeneration (around neck)
 I - a ring of poison resistance (right hand)
Wands
 S - a wand of clouds (4/9)
 X - a wand of acid (11/15)
Scrolls
 b - 6 scrolls of amnesia
 h - 9 scrolls of remove curse
 q - a scroll of fog
 r - 10 scrolls of teleportation
 w - 4 scrolls of recharging
 C - 4 scrolls of magic mapping
 P - 8 scrolls of fear
 W - a scroll of identify
 Z - a scroll of holy word
Potions
 e - a potion of ambrosia
 n - 9 potions of curing
 A - 3 potions of cancellation
 B - 5 potions of agility
 H - 4 potions of mutation
 J - 2 potions of berserk rage
 O - 5 potions of might
 R - 6 potions of haste
 T - 8 potions of heal wounds
Miscellaneous
 a - a phial of floods
 y - 3 boxes of beasts
 Y - a fan of gales
Comestibles
 f - 12 bread rations
 j - 22 meat rations
 l - 18 royal jellies
 o - 17 fruits


   Skills:
 + Level 23.0(26.6) Fighting
 - Level 26.2(26.6) Axes
 * Level 24.7(26.6) Armour
 - Level 4.1(8.8) Shields
 - Level 4.2(4.0) Invocations


You had 21 spell levels left.
You didn't know any spells.

Dungeon Overview and Level Annotations

Branches:
Dungeon (14/15)            Temple (1/1) D:5            Lair (6/6) D:9
  Swamp (4/4) Lair:3        Snake (4/4) Lair:2        Slime (0/5) Lair:5
    Orc (2/2) D:12            Elf (0/3) Orc:2        Vaults (5/5) D:14
  Crypt (0/3) Vaults:2

Altars:
Ashenzari
Cheibriados
Dithmenos
Elyvilon
Fedhas
Gozag
Hepliaklqana
Kikubaaqudgha
Makhleb
Nemelex Xobeh
Okawaru
Qazlal
Ru
Sif Muna
Trog
Uskayaw
Vehumet
Xom
Yredelemnul
Zin
The Shining One
Beogh
Jiyva

Shops:
D:5 [   D:7 *   D:9 (   D:11 (   D:12 [   Orc:2 %(%!   Snake:3 *   Vaults:2 =
Vaults:3 [   Vaults:4 (

Annotations:
D:2 exclusion: downstairs
Vaults:5 Jory


Innate Abilities, Weirdness & Mutations

You have sharp fingernails.
You have sharp toenails.
You possess an exceptional clarity of mind.


Message History

The hell knight seems to grow stronger.
The orc knight hits you with a long sword of slicing.
* * * LOW HITPOINT WARNING * * *
x2 The vault warden hits you but does no damage.
Jory is infused with unholy energy.
* * * LOW HITPOINT WARNING * * *
Jory draws life force from you and is healed!
An orc comes into view. It is wielding a club.
As you read the scroll of teleportation, it crumbles to dust.
You feel strangely unstable.
You feel sick.
The yaktaur captain hits you but does no damage.
The shadow dragon simulacrum bites you.
* * * LOW HITPOINT WARNING * * *
The shadow dragon simulacrum freezes you!!!
* * * LOW HITPOINT WARNING * * *
The shadow dragon simulacrum misses you.
The shadow dragon simulacrum barely misses you.
The hell knight hits you but does no damage.
You writhe in agony.
You die...

#. #..# #..#.
#....
#....#########
####
#..pp.p.......
....
#....pVc......
....
#..§oZ@.......
....
#...op))......
....
#...o#########
#### #...o
#..# #!. #. #


You could see Jory, 2 vault wardens, a yaktaur captain, an orc knight, a hell
knight, a vault sentinel, an ironbrand convoker, 2 orc warriors, a shadow dragon
simulacrum and an orc.

Vanquished Creatures
  Sojobo (Vaults:3)
  Bai Suzhen (Swamp:4)
  Boris (Vaults:4)
  Frederick (Vaults:4)
  Margery (Vaults:5)
  Nikola (Swamp:4)
  2 liches
  A titan (Vaults:5)
  A tentacled monstrosity (Swamp:4)
  Asterion (Snake:3)
  2 quicksilver dragons (Vaults:5)
  Gastronok (Lair:1)
  A sphinx (Vaults:5)
  Frances (Swamp:2)
  4 tengu reavers
  2 thorn hunters
  Donald (Swamp:2)
  9 nagarajas
  A shadow dragon (Vaults:5)
  2 fire giants
  3 frost giants
  7 vault wardens
  4 deep elf sorcerers
  The ghost of Ios the Imperceptible, an adept SpEn of Dithmenos (Swamp:2)
  Louise (Snake:3)
  Aizul (Snake:3)
  10 very ugly things
  An entropy weaver (Vaults:2)
  16 ironheart preservers
  5 stone giants
  Nessos (Lair:6)
  A deep elf demonologist (Vaults:2)
  A deep elf annihilator (Vaults:3)
  Azrael (D:12)
  2 ettins
  A deep elf death mage (Vaults:2)
  2 fire dragons
  Josephine (D:14)
  A green death (Swamp:4)
  Fannar (D:12)
  9 yaktaur captains
  3 great orbs of eyes
  The ghost of Mohan the Zephyrmancer, a journeyman TeAE of Qazlal (Lair:2)
  6 ice dragons
  36 vault guards
  21 naga warriors
  4 rakshasas
  4 ghost crabs
  11 hydras
  9 anacondas
  8 centaur warriors
  3 death knights (Vaults:2)
  A satyr (Lair:3)
  10 ogre magi
  12 alligators
  28 two-headed ogres
  2 deep troll shamans
  4 death yaks (Lair:4)
  A thrashing horror (Swamp:4)
  5 shock serpents
  12 naga sharpshooters
  11 deep elf knights
  3 wretched stars (Abyss:3)
  The ghost of ShornTheSheep the Skirmisher, a novice GrBe of Trog (D:8)
  2 fire crabs (shapeshifter)
  3 shadow wraiths
  A skeletal warrior (Vaults:2)
  3 hell knights (Vaults:5)
  3 spriggan druids
  4 salamander mystics
  4 unseen horrors
  7 wizards
  A glowing orange brain (Vaults:2)
  A deep troll (shapeshifter) (Vaults:2)
  6 deep trolls
  20 ironbrand convokers
  A shambling mangrove (Swamp:1)
  8 deep elf archers
  4 swamp dragons
  2 necromancers
  7 naga ritualists
  35 ugly things
  A wolf spider (shapeshifter) (D:13)
  10 orc knights
  17 deep elf magi
  6 harpies
  An orc sorcerer (Orc:1)
  8 mana vipers
  2 worldbinders (Abyss:3)
  7 wolf spiders
  37 slime creatures
  17 salamanders
  6 manticores
  6 cyclopes
  46 black mambas
  Maurice (D:12)
  6 guardian serpents
  5 elephants (Lair:5)
  Joseph (D:7)
  4 gargoyles
  30 naga magi
  7 vault sentinels
  A smoke demon (Abyss:3)
  An ice statue (IceCv)
  2 orange demons
  A rime drake (Lair:5)
  18 spiny frogs
  4 komodo dragons
  12 freezing wraiths
  16 yaktaurs
  2 ancient zymes (Abyss:3)
  5 trolls
  4 tyrant leeches
  2 meliai (Abyss:3)
  2 polar bears
  21 hornets
  Grinder (D:4)
  2 hornets (shapeshifter)
  13 bog bodies
  9 blink frogs
  4 dream sheep (Lair:6)
  4 raiju (Abyss:3)
  4 hippogriffs
  3 redbacks
  42 yaks
  11 spriggans
  A human (D:14)
  11 wraiths
  6 shadows
  A spriggan (shapeshifter) (Vaults:4)
  A yak (shapeshifter) (Vaults:1)
  10 wyverns
  6 basilisks
  A basilisk (shapeshifter) (Vaults:1)
  2 fire elementals (D:12)
  2 large abominations (Swamp:4)
  A neqoxec (Abyss:3)
  A chaos spawn (Abyss:3)
  39 nagas
  21 vampire mosquitoes
  5 wargs
  2 death yak simulacra (IceCv)
  19 water moccasins
  2 soldier ants (D:11)
  6 hell hounds
  Duvessa (D:6)
  14 swamp worms
  3 acid dragons
  3 porcupines (Lair:2)
  4 swamp drakes
  A floating eye (shapeshifter) (Vaults:5)
  2 alligator simulacra (IceCv)
  40 orc warriors
  8 sky beasts
  2 black bears
  2 eyes of draining
  10 ice beasts
  23 ogres
  19 wolves
  3 phantoms
  3 small abominations
  23 centaurs
  10 crocodiles
  A big kobold (shapeshifter) (Vaults:2)
  A big kobold (D:11)
  A wyvern zombie (D:14)
  12 bullfrogs
  Dowan (D:6)
  5 scorpions
  A wyvern skeleton (D:9)
  42 killer bees
  5 wights (D:7)
  3 howler monkeys
  An electric eel (Lair:4)
  4 starcursed masses (Abyss:3)
  7 crimson imps
  4 centaur zombies
  6 hounds
  2 quasits
  2 draconian simulacra (IceCv)
  6 jellies
  Crazy Yiuf (D:2)
  3 bullfrog zombies
  14 orc priests
  5 bullfrog skeletons
  3 centaur skeletons
  Jessica (D:6)
  3 iguanas
  32 orc wizards
  9 worker ants
  2 troll simulacra (IceCv)
  Terence (D:2)
  3 centaur simulacra (IceCv)
  A hound zombie (D:10)
  2 hound skeletons
  11 adders
  7 gnolls
  A naga simulacrum (IceCv)
  3 ogre simulacra (IceCv)
  3 shadow imps
  6 white imps
  2 oozes
  An adder zombie (D:8)
  7 worms
  8 dart slugs
  9 leopard geckos
  109 orcs
  4 bats
  7 giant cockroaches
  7 goblins
  7 hobgoblins
  12 jackals
  12 kobolds
  4 quokkas
  5 ball pythons
  6 frilled lizards
  2 leopard gecko skeletons
  A leopard gecko zombie (D:9)
  2 quokka skeletons
  A quokka zombie (D:9)
  10 rats
  3 briar patches (Swamp:1)
  2 crawling corpses (Vaults:2)
  6 fungi
  7 plants
1572 creatures vanquished.

Vanquished Creatures (others)
  A storm dragon (Vaults:5)
  A green death (Swamp:4)
  A spiny frog (Swamp:4)
  2 slime creatures (Swamp:4)
  A swamp worm (Swamp:4)
  A naga (Snake:4)
  An orc warrior (Vaults:5)
  A swamp drake (Swamp:4)
  An ogre (Vaults:4)
  2 briar patches (Swamp:4)
  5 fungi
  13 plants
  2 toadstools (Swamp:1)
  A withered plant (D:8)
33 creatures vanquished.

Grand Total: 1605 creatures vanquished

Notes
Turn   | Place    | Note
-------+----------+-------------------------------------------
     0 | D:1      | Kriby the Hill Orc Fighter began the quest for the Orb.
     0 | D:1      | Reached XP level 1. HP: 19/19 MP: 1/1
    78 | D:1      | Reached skill level 3 in Axes
   165 | D:1      | Reached XP level 2. HP: 27/27 MP: 2/2
   613 | D:1      | Reached XP level 3. HP: 33/33 MP: 3/3
   690 | D:1      | Reached skill level 4 in Axes
  1220 | D:2      | Noticed Terence
  1233 | D:2      | Killed Terence
  1243 | D:2      | Reached XP level 4. HP: 20/41 MP: 4/4
  1432 | D:2      | Found a shattered altar of Ashenzari.
  1459 | D:2      | Found a hazy altar of Hepliaklqana.
  1547 | D:2      | Found a glowing silver altar of Zin.
  1565 | D:2      | Found a blossoming altar of Fedhas.
  1736 | D:2      | Reached skill level 5 in Axes
  1832 | D:2      | Found a runed door.
  2155 | D:2      | Noticed Crazy Yiuf
  2168 | D:2      | Killed Crazy Yiuf
  2476 | D:3      | Reached XP level 5. HP: 27/47 MP: 5/5
  2479 | D:3      | Reached skill level 5 in Fighting
  2479 | D:3      | Reached skill level 6 in Axes
  2599 | D:3      | Found a faded altar of an unknown god.
  2729 | D:3      | Reached XP level 6. HP: 47/56 MP: 6/6
  2859 | D:3      | Reached skill level 7 in Axes
  3737 | D:4      | Reached skill level 8 in Axes
  3737 | D:4      | Reached XP level 7. HP: 33/63 MP: 7/7
  3902 | D:4      | Noticed Jessica
  3909 | D:4      | Found a deep blue altar of Sif Muna.
  4055 | D:4      | Noticed Grinder
  4060 | D:4      | Paralysed by Grinder for 6 turns
  4075 | D:4      | Paralysed by Grinder for 7 turns
  4092 | D:4      | Killed Grinder
  4092 | D:4      | Reached skill level 9 in Axes
  4188 | D:4      | Found an opulent altar of Gozag.
  4435 | D:4      | Reached XP level 8. HP: 45/73 MP: 8/8
  4677 | D:5      | Entered Level 5 of the Dungeon
  4848 | D:5      | Found a staircase to the Ecumenical Temple.
  4893 | Temple   | Entered the Ecumenical Temple
  5006 | Temple   | Became a worshipper of Warmaster Okawaru
  5035 | D:5      | Reached skill level 10 in Axes
  5106 | D:5      | Found a snail-covered altar of Cheibriados.
  5332 | D:5      | Found Nuas's Antique Armour Boutique.
  5350 | D:5      | Bought a glowing buckler for 142 gold pieces
  5794 | D:6      | Killed Jessica
  5873 | D:6      | Reached skill level 11 in Axes
  5886 | D:6      | Reached * piety under Okawaru
  6030 | D:6      | Reached XP level 9. HP: 53/81 MP: 9/9
  6285 | D:6      | Reached skill level 5 in Armour
  6905 | D:6      | Noticed Dowan
  6906 | D:6      | Noticed Duvessa
  6920 | D:6      | Killed Duvessa
  6920 | D:6      | Reached skill level 12 in Axes
  6934 | D:6      | Killed Dowan
  7126 | D:7      | Reached ** piety under Okawaru
  7135 | D:7      | Found a shadowy altar of Dithmenos.
  7287 | D:7      | Gained mutation: You have large cloven feet. [mutagenic meat]
  7288 | D:7      | Gained mutation: You have a pair of small antennae on your head. [mutagenic meat]
  7306 | D:7      | Gained mutation: You have sharp fingernails. [mutagenic meat]
  7307 | D:7      | Gained mutation: You are partially covered in iridescent scales. (AC +2) [mutagenic meat]
  7391 | D:7      | Found a glowing golden altar of the Shining One.
  7467 | D:7      | Reached skill level 13 in Axes
  7573 | D:7      | Reached XP level 10. HP: 84/91 MP: 10/10
  7581 | D:7      | Reached *** piety under Okawaru
  7611 | D:7      | Noticed Joseph
  7631 | D:7      | Killed Joseph
  8141 | D:7      | Found Poclomot's General Store.
  8502 | D:8      | Noticed ShornTheSheep's ghost (novice GrBe)
  8552 | D:8      | Killed ShornTheSheep's ghost
  8552 | D:8      | Reached **** piety under Okawaru
  8552 | D:8      | Reached skill level 10 in Fighting
  8552 | D:8      | Reached skill level 14 in Axes
  8727 | D:8      | Noticed a two-headed ogre
  8990 | D:8      | Lost mutation: You have large cloven feet. [potion of mutation]
  8990 | D:8      | Lost mutation: You have a pair of small antennae on your head. [potion of mutation]
  8990 | D:8      | Gained mutation: You are somewhat resistant to further mutation. [potion of mutation]
  9194 | D:8      | Reached skill level 1 in Invocations
  9391 | D:8      | Found an ancient bone altar of Kikubaaqudgha.
  9532 | D:8      | Killed a two-headed ogre
  9532 | D:8      | Reached XP level 11. HP: 87/101 MP: 11/13
  9636 | D:9      | Found a staircase to the Lair.
  9654 | D:9      | Reached ***** piety under Okawaru
  9654 | D:9      | Reached skill level 15 in Axes
  9983 | D:9      | Found a basalt altar of Yredelemnul.
 10027 | D:9      | Found Bokeliall's Weapon Boutique.
 10157 | D:9      | Found a bloodstained altar of Trog.
 10534 | D:9      | Found a white marble altar of Elyvilon.
 10566 | Lair:1   | Entered Level 1 of the Lair of Beasts
 10890 | Lair:1   | Received a gift from Okawaru
 10891 | Lair:1   | Got an ichor-stained broad axe {god gift}
 10892 | Lair:1   | Identified the +7 broad axe of the End of Times {freeze, rF- rC++ Int+3} (Okawaru gifted it to you on level 1 of the Lair of Beasts)
 11244 | Lair:1   | Noticed Gastronok
 11260 | Lair:1   | Killed Gastronok
 11260 | Lair:1   | Reached skill level 16 in Axes
 11819 | Lair:2   | Found a staircase to the Snake Pit.
 11967 | Lair:2   | Noticed Mohan's ghost (journeyman TeAE)
 11983 | Lair:2   | Killed Mohan's ghost
 11983 | Lair:2   | Reached skill level 10 in Armour
 11983 | Lair:2   | Reached XP level 12. HP: 109/111 MP: 13/15
 12650 | Lair:3   | Noticed an eight-headed hydra
 12653 | Lair:3   | Reached skill level 17 in Axes
 12663 | Lair:3   | Noticed a satyr
 12663 | Lair:3   | an eight-headed hydra changed into a satyr
 12674 | Lair:3   | Killed a satyr
 12674 | Lair:3   | Received a gift from Okawaru
 13043 | Lair:3   | Found a staircase to the Swamp.
 13449 | Lair:4   | Noticed a death yak
 13449 | Lair:4   | Noticed a death yak
 13449 | Lair:4   | Noticed a death yak
 13449 | Lair:4   | Noticed a death yak
 13582 | Lair:4   | Killed a death yak
 13582 | Lair:4   | Reached ****** piety under Okawaru
 13587 | Lair:4   | Killed a death yak
 13594 | Lair:4   | Killed a death yak
 13594 | Lair:4   | Reached skill level 18 in Axes
 13600 | Lair:4   | Killed a death yak
 13897 | D:9      | Bought a +2 vampiric executioner's axe for 588 gold pieces
 14469 | Lair:4   | You are sucked into a shaft!
 14491 | Lair:5   | Reached XP level 13. HP: 119/119 MP: 16/16
 14494 | Lair:5   | Received a gift from Okawaru
 14878 | Lair:5   | Found a viscous altar of Jiyva.
 14878 | Lair:5   | Found a staircase to the Slime Pits.
 15140 | Lair:6   | Entered Level 6 of the Lair of Beasts
 15397 | Lair:6   | Reached skill level 19 in Axes
 15613 | Lair:6   | Received a gift from Okawaru
 15692 | Lair:6   | Paralysed by a hornet for 1 turns
 15710 | Lair:6   | Noticed Nessos
 15776 | Lair:6   | Killed Nessos
 16288 | Lair:6   | Received a gift from Okawaru
 16289 | Lair:6   | Got a faintly glowing war axe {god gift}
 16553 | Lair:6   | Identified the +1 war axe "Demon's Demise" {venom, rElec Str+7} (Okawaru gifted it to you on level 6 of the Lair of Beasts)
 17357 | D:10     | Entered Level 10 of the Dungeon
 17826 | D:10     | Reached skill level 20 in Axes
 17938 | D:10     | Reached XP level 14. HP: 123/132 MP: 17/17
 18082 | D:10     | Paralysed by a hornet for 2 turns
 18422 | D:11     | Received a gift from Okawaru
 18423 | D:11     | Got a pair of twisted gloves {god gift}
 18424 | D:11     | Identified the +2 pair of gloves of Broken Taboos {rC+} (Okawaru gifted it to you on level 11 of the Dungeon)
 18698 | D:11     | Found Astrap's Antique Weapon Shop.
 19007 | D:11     | Identified the amulet "Cuni" {Faith Str-5 SInv Stlth+} (You found it on level 11 of the Dungeon)
 19374 | D:12     | Noticed Maurice
 19395 | D:12     | Killed Maurice
 19768 | D:12     | Found Tuaripnuo's Antique Armour Shop.
 19859 | D:12     | Noticed Fannar
 19871 | D:12     | Killed Fannar
 19937 | D:12     | Found a white marble altar of Elyvilon.
 19944 | D:12     | Noticed Azrael
 19958 | D:12     | Killed Azrael
 20434 | D:12     | Found a staircase to the Orcish Mines.
 20627 | Orc:1    | Entered Level 1 of the Orcish Mines
 20634 | Orc:1    | Found a radiant altar of Vehumet.
 21029 | Orc:2    | Entered Level 2 of the Orcish Mines
 21029 | Orc:2    | Found Reitt's Distillery.
 21218 | Orc:2    | Found a roughly hewn altar of Beogh.
 21309 | Orc:2    | Reached skill level 21 in Axes
 21534 | Orc:2    | Received a gift from Okawaru
 21535 | Orc:2    | Got a heavily runed scarf {god gift}
 21536 | Orc:2    | Identified the scarf "Ritaij" {rN+ Str+3} (Okawaru gifted it to you on level 2 of the Orcish Mines)
 21844 | Orc:2    | Found a staircase to the Elven Halls.
 21910 | Orc:2    | Found Wieluip's Antique Weapon Emporium.
 21910 | Orc:2    | Found Ixyhoehi's Food Boutique.
 21910 | Orc:2    | Found Harphiff's Book Shop.
 21968 | Orc:2    | Found Etemiu's Food Shoppe.
 21972 | Orc:2    | Bought an ebony broad axe for 261 gold pieces
 21972 | Orc:2    | Identified the +8 broad axe "Ricrauq" {holy, Int+4} (You bought it in a shop on level 2 of the Orcish Mines)
 22220 | Orc:2    | Bought a potion of haste for 140 gold pieces
 22220 | Orc:2    | Bought a potion of curing for 42 gold pieces
 22220 | Orc:2    | Bought a potion of heal wounds for 70 gold pieces
 22220 | Orc:2    | Bought a potion of curing for 42 gold pieces
 22220 | Orc:2    | Bought a potion of haste for 140 gold pieces
 22220 | Orc:2    | Bought a potion of haste for 140 gold pieces
 22220 | Orc:2    | Bought a potion of curing for 42 gold pieces
 22220 | Orc:2    | Bought a potion of heal wounds for 70 gold pieces
 22220 | Orc:2    | Bought a potion of cancellation for 112 gold pieces
 22323 | D:13     | Reached skill level 15 in Fighting
 22367 | D:13     | Found a frozen archway.
 22375 | IceCv    | Entered an ice cave
 22570 | IceCv    | Identified the +1 pair of gloves "Jody" {rF+ MR+} (You found it in an ice cave)
 22734 | D:13     | Reached XP level 15. HP: 141/141 MP: 18/18
 22750 | D:13     | Found a flickering gateway to a bazaar.
 22759 | Bazaar   | Entered a bazaar
 22759 | Bazaar   | Found Jiffurik's General Store.
 22759 | Bazaar   | Found Wieffeh's Gadget Shoppe.
 22759 | Bazaar   | Found Iluotil's Armour Shoppe.
 22760 | Bazaar   | Found Ugicvih's Armour Emporium.
 22760 | Bazaar   | Found Giry's Book Emporium.
 22780 | Bazaar   | Bought a scroll of enchant armour for 112 gold pieces
 23961 | Swamp:1  | Entered Level 1 of the Swamp
 23966 | Swamp:1  | Reached skill level 22 in Axes
 24055 | Swamp:1  | Received a gift from Okawaru
 24148 | Swamp:1  | Noticed a thorn hunter
 24164 | Swamp:1  | Killed a thorn hunter
 25450 | Swamp:2  | Noticed Ios's ghost (adept SpEn)
 25500 | Swamp:2  | Killed Ios's ghost
 25621 | Swamp:2  | Noticed Donald
 25631 | Swamp:2  | Killed Donald
 25631 | Swamp:2  | Received a gift from Okawaru
 26081 | Swamp:2  | Noticed Frances
 26098 | Swamp:2  | Killed Frances
 26641 | Swamp:3  | Reached skill level 23 in Axes
 26964 | Swamp:3  | Received a gift from Okawaru
 26965 | Swamp:3  | Got a transparent chain mail {god gift}
 26967 | Swamp:3  | Reached XP level 16. HP: 151/151 MP: 19/19
 27456 | Swamp:4  | Entered Level 4 of the Swamp
 28332 | Swamp:4  | Reached skill level 15 in Armour
 28441 | Swamp:4  | Noticed Bai Suzhen
 28455 | Swamp:4  | Noticed a thorn hunter
 28467 | Swamp:4  | Killed Bai Suzhen
 28467 | Swamp:4  | Received a gift from Okawaru
 28996 | Swamp:4  | Killed a thorn hunter
 29265 | Swamp:4  | Noticed a tentacled monstrosity
 29275 | Swamp:4  | Killed a tentacled monstrosity
 29275 | Swamp:4  | Reached skill level 24 in Axes
 29378 | Swamp:4  | Noticed Nikola
 30098 | Swamp:4  | Killed Nikola
 30218 | Swamp:4  | Received a gift from Okawaru
 30218 | Swamp:4  | Reached XP level 17. HP: 115/161 MP: 20/20
 30379 | Swamp:4  | Got a decaying rune of Zot
 30579 | Snake:1  | Entered Level 1 of the Snake Pit
 30792 | Snake:1  | Identified a scroll of acquirement
 30793 | Snake:1  | Identified the +2 buckler "Qaudgh" {rN+ Str+7 Dex-5 SInv} (You acquired it on level 1 of the Snake Pit)
 31357 | Snake:1  | Received a gift from Okawaru
 32659 | Snake:2  | Reached skill level 25 in Axes
 33660 | Snake:3  | Noticed Asterion
 33687 | Snake:3  | Killed Asterion
 33999 | Snake:3  | Received a gift from Okawaru
 34009 | Snake:3  | Noticed Aizul
 34078 | Snake:3  | Killed Aizul
 34443 | Snake:3  | Noticed Louise
 34460 | Snake:3  | Killed Louise
 34460 | Snake:3  | Received a gift from Okawaru
 34922 | Snake:3  | Reached XP level 18. HP: 172/172 MP: 21/21
 35231 | Snake:3  | Found Woynorimp's Assorted Antiques.
 35238 | Snake:3  | Bought a puce potion for 29 gold pieces
 35485 | Snake:3  | Found a sparkling altar of Nemelex Xobeh.
 35637 | Snake:4  | Entered Level 4 of the Snake Pit
 35812 | Snake:4  | Reached skill level 26 in Axes
 37380 | Snake:4  | Received a gift from Okawaru
 37756 | Snake:4  | Got a serpentine rune of Zot
 38147 | D:14     | Noticed Josephine
 38157 | D:14     | Killed Josephine
 38481 | D:14     | Reached XP level 19. HP: 183/183 MP: 22/22
 38818 | D:14     | Identified the cursed +1 morningstar of Action {crush, rPois Str+3} (You found it on level 14 of the Dungeon)
 38912 | D:14     | Found a gate to the Vaults.
 39255 | D:14     | Received a gift from Okawaru
 39275 | Vaults:1 | Entered Level 1 of the Vaults
 39620 | Vaults:1 | Identified the +2 pair of boots of the Cast Vote {Str+6} (You found it on level 1 of the Vaults)
 40582 | Vaults:2 | Received a gift from Okawaru
 40741 | Vaults:2 | Found a staircase to the Crypt.
 41139 | Vaults:2 | Cast into level 3 of the Abyss (a deep elf sorcerer)
 41172 | Abyss:3  | Found a corrupted altar of Lugonu.
 41175 | Abyss:3  | Gained mutation: You are frail. (-10% HP) [a neqoxec]
 41176 | Abyss:3  | Gained mutation: Armour fits poorly on your strangely shaped body. [a neqoxec]
 41486 | Vaults:2 | Escaped the Abyss
 41506 | Vaults:2 | Lost mutation: You are frail. (-10% HP) [potion of mutation]
 41506 | Vaults:2 | Lost mutation: Armour fits poorly on your strangely shaped body. [potion of mutation]
 41506 | Vaults:2 | Lost mutation: You are somewhat resistant to further mutation. [potion of mutation]
 41506 | Vaults:2 | Gained mutation: You have sharp toenails. [potion of mutation]
 41506 | Vaults:2 | Lost mutation: You are partially covered in iridescent scales. (AC +2) [potion of mutation]
 41506 | Vaults:2 | Gained mutation: You possess an exceptional clarity of mind. [potion of mutation]
 41673 | Vaults:2 | Reached XP level 20. HP: 162/195 MP: 23/23
 41945 | Vaults:2 | Received a gift from Okawaru
 42454 | Vaults:2 | Found Itivvas's Jewellery Shop.
 42462 | Vaults:2 | Bought an uncursed amulet of regeneration for 480 gold pieces
 42738 | Vaults:3 | Found Hisau's Antique Armour Emporium.
 43300 | Vaults:3 | Received a gift from Okawaru
 43668 | Vaults:3 | Noticed Sojobo
 43679 | Vaults:3 | Killed Sojobo
 43679 | Vaults:3 | Reached XP level 21. HP: 195/205 MP: 24/24
 43690 | Vaults:3 | Received a gift from Okawaru
 43700 | Vaults:3 | Identified the -4 pair of gloves of Rationality {Dex+8} (Okawaru gifted it to you on level 3 of the Vaults)
 44241 | Vaults:4 | Noticed Boris
 44252 | Vaults:4 | Killed Boris
 44617 | Vaults:4 | Received a gift from Okawaru
 44618 | Vaults:4 | Identified the +4 executioner's axe "Lutaigru" {vamp, Str+4} (Okawaru gifted it to you on level 4 of the Vaults)
 44678 | Vaults:4 | Noticed Frederick
 44686 | Vaults:4 | Killed Frederick
 45186 | Vaults:4 | Found Vilypry's Weapon Emporium.
 45324 | Vaults:5 | Entered Level 5 of the Vaults
 45337 | Vaults:5 | Reached XP level 22. HP: 217/217 MP: 18/25
 45338 | Vaults:5 | Received a gift from Okawaru
 45419 | Vaults:5 | Noticed Margery
 45440 | Vaults:5 | Noticed Jory
 45440 | Vaults:5 | Killed Margery
 45458 | Vaults:5 | HP: 4/220 [shadow dragon simulacrum (49)]
 45458 | Vaults:5 | Slain by a hell knight

Skill      XL: |  1  2  3  4  5  6  7  8  9 10 11 12 13 14 15 16 17 18 19 20 21 22 |
---------------+-------------------------------------------------------------------+-----
Axes           | 3 4 5 6 8 9 11 13 14 16 18 20 21 23 24 25 26 | 26.2
Fighting       | 4 5 6 7 8 9 10 11 12 14 15 16 17 18 19 20 21 22 23 | 23.0
Armour         | 4 6 8 10 11 12 13 14 15 16 18 20 22 23 24 | 24.7
Shields        | 4 |  4.1
Invocations    | 2 4 |  4.2

Action                   |  1- 3 |  4- 6 |  7- 9 | 10-12 | 13-15 | 16-18 | 19-21 | 22-24 || total
-------------------------+-------+-------+-------+-------+-------+-------+-------+-------++-------
Melee: War axe           |    92 |   239 |   422 |   424 |       |       |       |       ||  1177
       Kick              |       |       |    13 |    39 |       |       |       |       ||    52
       Broad axe         |       |       |       |   203 |       |       |       |       ||   203
       Executioner's axe |       |       |       |    44 |  1198 |  1206 |  1176 |   110 ||  3734
Throw: Javelin           |       |       |       |       |     1 |     3 |       |       ||     4
Invok: Heroism           |       |       |       |     3 |     3 |     7 |     1 |     1 ||    15
       Finesse           |       |       |       |       |     2 |     6 |     1 |       ||     9
 Abil: Evoke Berserk Rag |       |       |       |     1 |       |       |       |       ||     1
Evoke: Wand              |       |       |       |    17 |     6 |     1 |       |       ||    24
  Use: Scroll            |       |     1 |       |    16 |    30 |     8 |     8 |     2 ||    65
       Potion            |       |       |     1 |     7 |    11 |     6 |     3 |       ||    28
  Eat: Chunk             |       |     9 |    16 |    23 |    34 |    15 |    23 |       ||   120
       Fruit             |       |       |     2 |     5 |     3 |       |     5 |       ||    15
       Bread ration      |       |       |       |       |     1 |     4 |       |       ||     5
       Meat ration       |       |       |       |       |       |     1 |       |       ||     1
Armor: Scale mail        |    46 |    78 |       |       |       |       |       |       ||   124
       Crystal plate arm |       |    41 |   318 |   504 |  1422 |  1368 |   896 |   143 ||  4692
Dodge: Dodged            |    51 |    47 |    38 |   122 |   410 |   344 |   293 |    92 ||  1397
Block: Shield            |    66 |   112 |    44 |       |       |       |       |       ||   222
       Buckler           |       |       |    78 |   157 |       |       |       |       ||   235
